Map: Kairos Junction LE

Players

SpaceCat

  • Race: Terran Terran
  • League: Diamond
  • Spawn Location: 11:00

Woah - Winner!

  • Race: Terran Terran
  • League: Diamond
  • Spawn Location: 5:00

VOD

Have the link to the VOD?

Description

Time

  • Played on: June 14, 2019, 4:51 p.m.
  • Length: 16:49
Show
View Real Time Build Order
Export as new Build Order

SpaceCat Terran 

Build Orders: Gas First Reaper Expand 

Get SALT Encoding   

  12  0:01  SCV  
  13  0:13  Supply Depot  
  13  0:19  SCV  
  14  0:25  Refinery  
  14  0:39  Barracks  
  14  0:43  SCV  
  15  0:55  SCV  
  16  1:07  SCV  
  17  1:19  SCV  
  18  1:27  Reaper  
  19  1:42  Orbital Command  
  19  1:49  Factory  
  19  2:06  Marine  
  20  2:13  Refinery  
  20  2:26  Command Center  
  19  2:36  Supply Depot  
  19  2:37  Barracks Tech Lab, Factory Tech Lab  
  19  2:45  SCV  
  19  2:49  Starport  
  20  2:57  SCV  
  21  2:58  Marine  
  22  3:09  Siege Tank  
  23  3:41  Marine  
  22  3:49  Siege Tank  
  22  3:52  Orbital Command  
  25  3:58  Marine  
  26  4:04  SCV  
  27  4:10  Orbital Command  
  27  4:16  SCV  
  28  4:17  Marine  
  28  4:21  Siege Tank  
  31  4:35  Marine  
  32  4:48  SCV x2  
  34  4:53  Marine  
  35  5:00  SCV  
  35  5:05  Siege Tank  
  35  5:06  Viking  
  41  5:08  SCV  
  41  5:12  SCV  
  41  5:25  Engineering Bay  
  41  5:29  Stimpack  
  41  5:30  Marine  
  42  5:46  Siege Tank  
  42  5:48  Marine  
  46  5:53  Starport Reactor  
  46  6:06  SCV x2  
  46  6:07  Supply Depot  
  48  6:14  Marine  
  49  6:23  Siege Tank  
  51  6:32  Marine  
  41  6:50  Marine  
  41  6:52  Viking x2  
  46  6:55  SCV x2  
  46  7:00  Supply Depot  
  48  7:07  SCV  
  48  7:08  Marine  
  49  7:15  Siege Tank  
  50  7:26  Marine  
  44  7:36  Viking x2  
  48  7:44  Marine  
  47  7:47  Widow Mine  
  46  8:01  Marine  
  47  8:10  Siege Tank  
  50  8:19  Marine  
  47  8:35  Viking x2  
  47  8:36  SCV x2  
  47  8:37  Marine  
  54  8:51  Terran Infantry Weapons Level 1  
  54  8:55  Marine  
  55  8:59  SCV x2, Refinery  
  55  9:11  SCV  
  55  9:13  Marine  
  55  9:14  Command Center  
  57  9:27  Siege Tank  
  57  9:28  Viking  
  57  9:30  Marine  
  61  9:48  Marine  
  61  9:50  Viking  
  62  9:58  Viking  
  62  10:05  Siege Tank  
  62  10:06  Marine  
  66  10:07  SCV x2  
  66  10:19  SCV  
  63  10:24  Marine  
  64  10:36  Viking x2  
  64  10:37  SCV  
  64  10:38  SCV  
  64  10:42  Marine  
  71  10:43  Refinery  
  71  10:44  Orbital Command  
  71  10:50  SCV x2  
  71  10:51  Barracks  
  72  10:58  Siege Tank  
  72  10:59  Marine  
  73  11:07  SCV  
  74  11:16  Viking  
  74  11:17  Viking, Marine  
  75  11:32  Liberator  
  75  11:35  Marine  
  73  11:44  Siege Tank  
  76  11:51  Viking  
  76  11:53  SCV x2, Marine  
  67  12:11  Marine  
  67  12:27  Siege Tank  
  67  12:29  Marine  
  67  12:32  SCV x3  
  70  12:39  Viking x2  
  70  12:43  Terran Infantry Armor Level 1  
  70  12:44  SCV, Combat Shield  
  74  12:46  Marine  
  74  12:49  SCV x2, Barracks  
  78  13:04  Marine x2  
  78  13:05  Siege Tank  
  83  13:16  Supply Depot  
  83  13:17  Supply Depot  
  83  13:18  Viking  
  83  13:19  Barracks  
  85  13:20  Supply Depot  
  85  13:26  Viking, Marine x2  
  89  13:34  Armory  
  89  13:36  Barracks  
  89  13:39  Barracks  
  89  13:40  Siege Tank  
  89  13:41  Supply Depot, Marine  
  93  13:44  Marine x2  
  79  13:58  Marine  
  79  14:01  Marine  
  63  14:04  Marine  
  63  14:08  Barracks  
  55  14:12  Siege Tank, Marine  
  55  14:14  SCV x2  
  55  14:15  SCV  
  55  14:16  Marine  
  63  14:19  Marine  
  63  14:22  Marine  
  50  14:39  Marine  
  50  14:40  Marine x2  
  50  14:41  Marine  
  54  14:52  Orbital Command  
  54  14:57  Marine x2  
  54  14:58  Marine x2  
  51  15:14  SCV x2  
  51  15:15  Marine x2  
  51  15:16  Marine  
  51  15:17  Marine  
  51  15:19  Siege Tank  
  51  15:20  Viking x2  
  62  15:33  Marine x3  
  64  15:44  Marauder  
  66  15:50  Viking x2  
  66  15:51  Siege Tank, Marine  
  71  15:58  Marine x2  
  73  16:05  Marauder  
  73  16:08  Marine  
  70  16:19  Marine x2  
  76  16:27  Marauder  
Show
View Real Time Build Order
Export as new Build Order

Woah Terran - Winner!

Build Orders:  

Get SALT Encoding   

  12  0:02  SCV  
  13  0:15  SCV  
  13  0:17  Supply Depot  
  14  0:27  SCV  
  15  0:31  Refinery  
  15  0:42  Barracks  
  15  0:44  SCV  
  16  0:58  SCV  
  16  1:02  Refinery  
  17  1:11  SCV  
  18  1:28  Orbital Command  
  19  1:32  Reaper  
  19  1:41  Factory  
  19  1:49  Supply Depot  
  19  1:53  SCV  
  20  2:05  Reaper  
  21  2:11  SCV  
  22  2:27  Command Center  
  22  2:28  Hellion  
  24  2:32  SCV  
  25  2:42  Starport, Reaper  
  26  2:48  SCV  
  27  2:53  Hellion  
  29  3:01  SCV  
  30  3:15  SCV  
  30  3:16  Factory Tech Lab  
  30  3:17  Barracks Reactor  
  31  3:38  SCV  
  32  3:47  Siege Tank  
  35  3:49  Viking  
  35  3:50  SCV  
  35  3:52  Barracks  
  38  3:56  Orbital Command  
  38  3:57  Supply Depot  
  38  4:05  SCV  
  39  4:11  Engineering Bay  
  39  4:12  Marine  
  39  4:13  Marine  
  41  4:37  SCV  
  39  4:41  Siege Tank  
  39  4:42  Barracks Tech Lab  
  39  4:44  Barracks, Marine x2  
  39  4:45  Starport Reactor  
  44  4:49  SCV  
  45  4:54  SCV  
  45  4:58  Missile Turret  
  46  5:00  Missile Turret  
  46  5:01  SCV  
  46  5:06  SCV  
  48  5:07  Stimpack  
  48  5:13  SCV  
  49  5:23  SCV  
  49  5:25  SCV, Medivac  
  49  5:26  Viking  
  51  5:28  Marine x2  
  51  5:29  Marine  
  51  5:32  Barracks Reactor  
  54  5:41  Supply Depot  
  54  5:43  Supply Depot  
  54  5:44  SCV  
  54  5:47  Terran Infantry Weapons Level 1  
  54  5:49  Engineering Bay  
  55  5:52  SCV  
  55  5:55  Marine x2  
  55  5:56  SCV  
  59  6:14  Terran Infantry Armor Level 1  
  59  6:16  Marine x2  
  61  6:19  Command Center  
  51  6:39  Marine  
  44  6:40  Siege Tank, Marine x2  
  44  6:42  Viking  
  44  6:44  Marine x2  
  44  6:45  SCV  
  44  6:46  SCV  
  56  6:49  Viking  
  58  6:57  Marine  
  58  7:00  Barracks  
  59  7:05  Barracks  
  59  7:14  Viking  
  53  7:34  Viking  
  66  7:44  Viking  
  48  7:53  Marine x4  
  48  7:54  Marauder  
  48  7:55  Orbital Command  
  50  8:12  Marine x4  
  53  8:15  Marauder  
  53  8:18  Siege Tank  
  52  8:29  Marine  
  52  8:30  Marine x3  
  52  8:35  SCV  
  52  8:36  Marine  
  53  8:43  Viking  
  53  8:47  SCV, Marine x2  
  53  8:48  Marine x2  
  59  8:50  Siege Tank  
  59  8:54  Marine  
  59  8:55  Viking  
  61  8:59  SCV  
  62  9:05  Marine x4  
  66  9:11  SCV, Marine  
  67  9:17  Viking  
  67  9:23  Marine x4  
  67  9:24  SCV  
  73  9:29  Marine  
  72  9:36  SCV  
  70  9:41  Marine x4  
  62  9:48  Marauder, SCV  
  62  9:51  Orbital Command  
  58  9:59  Marine x4  
  58  10:09  Marauder  
  58  10:12  SCV x2  
  62  10:16  Marine x2  
  62  10:17  Marine x2  
  64  10:22  Siege Tank  
  67  10:30  Marine  
  67  10:34  Marine x2  
  67  10:35  SCV  
  71  10:38  Marine  
  72  10:47  SCV  
  72  10:48  Orbital Command  
  53  11:05  Marine x2  
  54  11:13  Marine x2  
  54  11:17  Marine  
  56  11:23  Marine x2  
  58  11:31  Viking, Marine x2  
  60  11:35  Marine  
  61  11:41  Marine x2  
  63  11:49  Marine x2  
  63  11:53  Marine  
  66  11:58  Marine  
  66  11:59  Marine  
  68  12:04  Orbital Command  
  68  12:07  Marine  
  68  12:11  Marauder  
  69  12:31  SCV  
  69  12:32  SCV x2  
  69  12:34  Marine x4  
  69  12:35  Marauder  
  78  12:38  Combat Shield  
  78  12:43  SCV  
  78  12:44  SCV x2  
  81  12:51  Marine x2  
  81  12:56  SCV x3, Marauder, Viking x2  
  92  12:59  Siege Tank  
  95  13:11  Armory  
  95  13:22  Marine x5  
  100  13:27  Supply Depot  
  100  13:29  Supply Depot  
  100  13:39  Marine  
  101  13:44  Viking  
  101  13:46  Viking  
  97  13:58  Marine x4  
  97  13:59  Marauder  
  91  14:16  Marine x3  
  91  14:20  Marauder  
  91  14:22  Marine  
  91  14:34  Marine x3  
  92  14:40  Marine  
  92  14:42  Marauder  
  95  14:45  Viking  
  95  14:46  Viking, Siege Tank  
  95  14:49  SCV  
  95  14:50  SCV x2, Barracks  
  95  14:51  Marine  
  95  14:52  Marine x2  
  108  14:58  Marine  
  109  15:01  SCV  
  109  15:02  SCV  
  109  15:03  Marauder  
  111  15:09  Marine x2  
  111  15:12  Marine  
  114  15:16  Marine  
  114  15:17  Barracks  
  114  15:19  Barracks x2  
  114  15:21  Refinery, Supply Depot x2  
  115  15:23  Refinery  
  115  15:24  Marauder  
  117  15:42  Viking x2  
  121  15:46  Marauder, Marine x2  
  121  15:47  Orbital Command, Marine  
  121  15:49  Marine  
  106  16:42  Barracks Reactor x2  
  106  16:43  Barracks Reactor x2  
Tags
 
Add a new tag
Caveats
  • Supply blocks, unpowered buildings, or Contaminate may cause inaccurate times.
  • Supply counts are checked every 10 seconds.